 Dungeon Crawl Stone Soup version 0.30.1 (webtiles) character file.

Game seed: 7765338327837346881

11375 Pepete the Fighter (level 11, -1/107 HPs)
             Began as a Minotaur Berserker on July 11, 2023.
             Was an Elder of Trog.
             Slain by a tarantella simulacrum (4 damage)
             ... on level 2 of the Lair of Beasts.
             The game lasted 00:20:29 (17687 turns).

Pepete the Fighter (Minotaur Berserker)            Turns: 17687, Time: 00:20:29

Health: -1/107     AC: 20    Str: 25    XL:     11   Next: 48%
Magic:  10/10      EV:  7    Int:  4    God:    Trog [****..]
Gold:   613        SH: 11    Dex: 17    Spells: 10/10 levels left

rFire   . . .        O - +1 broad axe (heavy)
rCold   . . .        M - +0 kite shield
rNeg    . . .        F - +0 plate armour
rPois   .            (helmet restricted)
rElec   .            h - +2 cloak
rCorr   .            D - +0 pair of gloves
SInv    .            (no boots)
Will    +++..        (no amulet)
Stlth   x              - ring of willpower
HPRegen 1.37/turn    A - +6 ring of dexterity
MPRegen 0.12/turn

%: no passive effects
@: strong-willed, on berserk cooldown, regenerating, slowed, very slow
A: horns 2, retaliatory headbutt
a: Renounce Religion, Berserk, Trog's Hand, Brothers in Arms


You were on level 2 of the Lair of Beasts.
You worshipped Trog.
Trog was greatly pleased with you.
You visited 2 branches of the dungeon, and saw 13 of its levels.

You collected 778 gold pieces.
You spent 165 gold pieces at shops.

Inventory:

Hand Weapons
 a - a +0 heavy hand axe
 f - a +3 antimagic hand axe
 y - a +0 war axe
 I - a +2 battleaxe of electrocution
 N - a +1 war axe of freezing
 O - a +1 heavy broad axe (weapon)
Missiles
 p - 5 atropa-tipped darts (quivered)
 z - 11 poisoned darts
 B - 2 throwing nets
Armour
 h - a +2 cloak (worn)
 D - a +0 pair of gloves (worn)
 F - a +0 plate armour (worn)
 M - a +0 kite shield (worn)
Jewellery
 s - a ring of ice
 x - a ring of willpower (left hand)
 A - a +6 ring of dexterity (right hand)
 L - a +4 ring of protection
Wands
 v - a wand of polymorph (10)
 H - a wand of flame (19)
 Q - a wand of mindburst (9)
Scrolls
 c - a scroll of brand weapon
 j - 2 scrolls of poison
 l - 5 scrolls of enchant weapon
 n - 4 scrolls of teleportation
 o - 5 scrolls of magic mapping
 u - 2 scrolls of blinking
 w - 4 scrolls of fog
 K - 10 scrolls of identify
 P - a scroll of enchant armour
Potions
 b - 3 potions of magic
 d - 3 potions of might
 e - 2 potions of flight
 i - a potion of berserk rage
 k - 4 potions of lignification
 m - 5 potions of curing
 q - a potion of ambrosia
 r - 4 potions of heal wounds
 t - a potion of haste
 C - a potion of degeneration
 E - 2 potions of attraction
 G - 5 potions of mutation
 J - a potion of cancellation


   Skills:
 - Level 13.5 Fighting
 + Level 11.5 Axes
 + Level 11.3 Armour
 - Level 2.1 Dodging
 * Level 8.1 Shields


You had 10 spell levels left.
You didn't know any spells.
Your spell library was empty.

Dungeon Overview and Level Annotations

Branches:
Dungeon (11/15)            Temple (0/1) D:6            Lair (2/5) D:8
 Spider (0/4) Lair:2          Orc (0/2) D:9
  Swamp: Lair:2-3    Shoals: Lair:2-3

Altars:
Yredelemnul

Shops:
D:10 ((?!

Annotations:
D:5 1 runed translucent door, ZoeForever1's ghost, amateur DrTm


Innate Abilities, Weirdness & Mutations

You have a pair of horns on your head.
You reflexively headbutt those who attack you in melee.


Message History

You are no longer berserk.
You are exhausted.
You feel yourself slow down.
You block the jumping spider simulacrum's attack.
The jumping spider simulacrum barely misses you.
The tarantella simulacrum hits you! The tarantella simulacrum freezes you!
The jumping spider simulacrum pounces on you.
The jumping spider simulacrum freezes you!
* * * LOW HITPOINT WARNING * * *
The jumping spider simulacrum barely misses you.
You feel much better.
You block the tarantella simulacrum's attack.
The jumping spider simulacrum pounces on you but does no damage.
The jumping spider simulacrum bites you but does no damage.
The tarantella simulacrum hits you but does no damage.
The jumping spider simulacrum pounces on you but does no damage.
The jumping spider simulacrum bites you but does no damage.
You feel much better.
You block the tarantella simulacrum's attack.
The jumping spider simulacrum pounces on you!
The jumping spider simulacrum freezes you!
The jumping spider simulacrum bites you but does no damage.
The jumping spider leaps!
The tarantella simulacrum hits you! The tarantella simulacrum freezes you!
* * * LOW HITPOINT WARNING * * *
Blink to where?
Press: ? - help, Dir - move target
Okay, then.
As you read the scroll of fear, it crumbles to dust.
You assume a fearsome visage.
The tarantella simulacrum is unaffected.
The jumping spider simulacrum is unaffected.
The jumping spider looks frightened!
The jumping spider leaps!
The jumping spider simulacrum pounces on you!
* * * LOW HITPOINT WARNING * * *
The jumping spider simulacrum freezes you!!
* * * LOW HITPOINT WARNING * * *
You block the jumping spider simulacrum's attack.
The tarantella simulacrum hits you.
You die...

.#......#..#
.#......#..# .. .#...#
........#.# .. ......
.#........## #.##...>..
...........# ..#.....$
.P......P..# .......
.P....>...# ##....
.P......#.# #.ZZ## ..
.P##+.#.#.# ##@..#...
..........# #.°......#
..........#####.........
..........[...°.!...##..
.....................# .
..#P##P####........(...
.### ### #.............
. #..s..........
#............


You could see a jumping spider (fleeing), a jumping spider simulacrum and a
tarantella simulacrum.

Vanquished Creatures
  A two-headed ogre (D:10)
  A pharaoh ant (Lair:2)
  An ugly thing (D:11)
  2 cyclopes
  A cane toad (Lair:1)
  Psyche (D:8)
  2 trolls
  A hornet (D:7)
  A tarantella (Lair:2)
  Sigmund (D:6)
  2 shadows (D:10)
  2 jumping spiders (Lair:2)
  A wyvern (D:11)
  6 yaks
  A vampire (D:11)
  A basilisk (Lair:1)
  6 water moccasins
  Duvessa (D:7)
  7 orc warriors
  2 ice beasts (D:6)
  3 black bears
  An ogre (D:5)
  4 centaurs
  5 wolves (Lair:1)
  2 phantoms
  A kobold brigand (D:10)
  Blork the orc (D:4)
  A scorpion (D:6)
  6 bullfrogs
  A gnoll sergeant (D:9)
  3 wights (D:9)
  Dowan (D:7)
  16 killer bees
  2 howler monkeys (D:10)
  3 hounds
  A jelly (D:6)
  A gnoll bouda (D:6)
  7 orc priests
  A sleepcap (D:6)
  6 iguanas
  13 orc wizards
  Robin (D:2)
  11 gnolls
  9 adders
  2 shadow imps (D:7)
  A white imp (D:5)
  A worm (D:2)
  3 dart slugs
  44 orcs
  6 ball pythons
  5 bats
  7 endoplasms
  4 giant cockroaches
  7 hobgoblins
  2 jackals (D:1)
  7 kobolds
  3 quokkas
  A frilled lizard (D:1)
  16 goblins
  5 rats
255 creatures vanquished.

Notes
Turn   | Place    | Note
-------+----------+-------------------------------------------
     0 | D:1      | Pepete the Minotaur Berserker began the quest for the Orb.
     0 | D:1      | Reached XP level 1. HP: 19/19 MP: 0/0
   451 | D:1      | Found a faded altar of an unknown god.
   460 | D:1      | Reached skill level 4 in Fighting
   812 | D:1      | Reached XP level 2. HP: 27/27 MP: 1/1
  1381 | D:2      | Reached XP level 3. HP: 34/34 MP: 2/2
  1386 | D:2      | Reached ** piety under Trog
  1562 | D:2      | Reached XP level 4. HP: 29/41 MP: 3/3
  1565 | D:2      | Reached skill level 5 in Fighting
  1999 | D:2      | Reached XP level 5. HP: 41/48 MP: 4/4
  2551 | D:2      | Noticed Robin
  2585 | D:2      | Reached *** piety under Trog
  2598 | D:2      | Killed Robin
  3167 | D:3      | Reached skill level 6 in Fighting
  3288 | D:3      | Reached skill level 5 in Axes
  4042 | D:4      | Noticed Blork the orc
  4052 | D:4      | Killed Blork the orc
  4053 | D:4      | Reached XP level 6. HP: 58/58 MP: 5/5
  4880 | D:5      | Entered Level 5 of the Dungeon
  5148 | D:5      | Reached skill level 7 in Fighting
  5156 | D:5      | Found a basalt altar of Yredelemnul.
  5193 | D:5      | Reached XP level 7. HP: 55/66 MP: 2/6
  5240 | D:5      | Reached skill level 5 in Armour
  5301 | D:5      | Found a runed translucent door.
  5301 | D:5      | Noticed ZoeForever1's ghost (amateur DrTm)
  5338 | D:5      | Reached skill level 8 in Fighting
  5983 | D:6      | Reached XP level 8. HP: 59/75 MP: 2/7
  6679 | D:6      | Found a staircase to the Ecumenical Temple.
  6691 | D:6      | Reached skill level 9 in Fighting
  6843 | D:6      | Noticed Sigmund
  6848 | D:6      | Killed Sigmund
  7322 | D:6      | Reached skill level 10 in Fighting
  7743 | D:7      | Noticed a hornet
  7754 | D:7      | Killed a hornet
  8380 | D:7      | Noticed Duvessa
  8380 | D:7      | Noticed Dowan
  8387 | D:7      | Killed Duvessa
  8388 | D:7      | Reached XP level 9. HP: 86/86 MP: 8/8
  8398 | D:7      | Killed Dowan
  8398 | D:7      | Reached **** piety under Trog
  8422 | D:7      | Reached skill level 11 in Fighting
  9707 | D:8      | Noticed Psyche
  9727 | D:8      | Killed Psyche
 10088 | D:8      | Found a staircase to the Lair.
 10101 | D:8      | Reached skill level 12 in Fighting
 11185 | D:9      | Reached XP level 10. HP: 100/100 MP: 9/9
 12107 | D:9      | Reached skill level 13 in Fighting
 12873 | D:9      | Reached ***** piety under Trog
 12884 | D:9      | Reached skill level 10 in Axes
 13345 | D:9      | Found a staircase to the Orcish Mines.
 13636 | D:10     | Entered Level 10 of the Dungeon
 13732 | D:10     | Found Sanner's Antique Weapon Boutique.
 13966 | D:10     | Reached skill level 1 in Shields
 14442 | D:10     | Received a gift from Trog
 14463 | D:10     | Found Lineeseg's Magic Scroll Boutique.
 14621 | D:10     | Found Kyniev's Distillery.
 14635 | D:10     | Bought a potion of heal wounds for 75 gold pieces
 14635 | D:10     | Bought a potion of curing for 45 gold pieces
 14635 | D:10     | Bought a potion of curing for 45 gold pieces
 14690 | D:10     | Reached skill level 10 in Armour
 15070 | D:10     | Noticed a cyclops
 15080 | D:10     | Killed a cyclops
 15306 | D:10     | Noticed a two-headed ogre
 15313 | D:10     | Killed a two-headed ogre
 15314 | D:10     | Reached skill level 5 in Shields
 15314 | D:10     | Reached XP level 11. HP: 107/107 MP: 10/10
 15625 | D:10     | Found Atsar's Weapon Shop.
 16666 | D:11     | Noticed a cyan ugly thing
 16677 | D:11     | Killed a cyan ugly thing
 16794 | Lair:1   | Entered Level 1 of the Lair of Beasts
 16869 | Lair:1   | Identified the +0 robe of Conscience {Dex+4}
 17668 | Lair:2   | Found a hole to the Spider Nest.
 17668 | Lair:2   | Noticed a pharaoh ant
 17677 | Lair:2   | Killed a pharaoh ant
 17687 | Lair:2   | HP: 3/107 [jumping spider simulacrum (20)]
 17687 | Lair:2   | Slain by a tarantella simulacrum

Illustrated notes

Levels and vault maps discovered:
D:1:      dpeg_arrival_rhombus, layout_loops_cross,
          shapermc_ecumenical_altar_mp_urbaneastern
D:2:      layout_basic, uniq_robin
D:3:      layout_basic, dk_noncrumbling_3, minmay_bisected
D:4:      layout_loops_ring, chequers_serial_rivers_room_b, uniq_blork_the_orc
D:5:      layout_rooms, mainiacjoe_overflow_24_doors,
          hellmonk_ghost_happy_afterlife
D:6:      layout_loops_ring, minmay_temple_entry_overgrown, uniq_sigmund
D:7:      layout_loops_corners, uniq_duvessa
D:8:      layout_loops_ring, due_lair_maze_entry_diamond, minivault_21,
          uniq_psyche
D:9:      layout_roguey, david_orc_4
D:10:     layout_grid_maze, serial_shops, shop, shop, shop, shop
D:11:     layout_basic
Lair:1:   layout_long_grid, infiniplex_staircase_pool
Lair:2:   layout_chaotic_city, shoals_dummy_entry,
          nicolae_spider_entry_lesser_pyramids, lemuel_fruit_tree,
          grunt_megastairs_5, lemuel_fruit_fields, serial_bayou_shore_b,
          uniq_amaemon, uniq_gastronok, uniq_fannar

Skill      XL: |  1  2  3  4  5  6  7  8  9 10 11 |
---------------+----------------------------------+-----
Fighting       | 4 5 6 7 8 10 12 13 | 13.5
Axes           | 4 5 6 8 9 10 11 | 11.5
Armour         | 3 4 6 7 9 10 11 | 11.3
Shields        | 5 8 |  8.1
Dodging        | |  2.1

Action                     |  1- 3 |  4- 6 |  7- 9 | 10-12 || total
---------------------------+-------+-------+-------+-------++-------
  Melee: Hand axe          |    86 |   138 |    95 |       ||   319
         Headbutt          |    12 |    20 |    52 |    38 ||   122
         Punch             |     3 |       |     3 |       ||     6
         War axe           |       |       |   126 |    23 ||   149
         Battleaxe         |       |       |       |    96 ||    96
         Broad axe         |       |       |       |    83 ||    83
 Invoke: Berserk           |     1 |     4 |     7 |     5 ||    17
         Trog's Hand       |       |       |     1 |     2 ||     3
    Use: Scroll            |       |     7 |    15 |     5 ||    27
         Potion            |       |     1 |       |     4 ||     5
 Armour: Animal skin       |    20 |     8 |       |       ||    28
         Ring mail         |       |    38 |       |       ||    38
         Scale mail        |       |    16 |    24 |       ||    40
         Plate armour      |       |       |   115 |   145 ||   260
  Dodge: Dodged            |    54 |    75 |    94 |    86 ||   309
  Block: Kite shield       |       |       |       |    73 ||    73
